Map: 2000 Atmospheres LE

Players

Pumauno

  • Race: Terran Terran
  • League: Diamond
  • Spawn Location: 7:00

Warthog - Winner!

  • Race: Terran Terran
  • League: Diamond
  • Spawn Location: 3:00

VOD

Have the link to the VOD?

Description

Time

  • Played on: Nov. 23, 2021, 9:05 p.m.
  • Length: 8:33
Show
View Real Time Build Order
Export as new Build Order

Pumauno Terran 

Build Orders:  

Get SALT Encoding   

  12  0:00  SCV  
  13  0:12  SCV  
  14  0:17  Supply Depot  
  14  0:24  SCV  
  15  0:38  SCV  
  15  0:42  Barracks  
  16  0:44  Refinery  
  16  0:51  SCV  
  16  0:53  Refinery  
  17  1:03  SCV  
  18  1:15  SCV  
  19  1:29  Reaper  
  19  1:30  Orbital Command  
  20  1:32  Supply Depot  
  20  1:47  Factory  
  20  2:03  Supply Depot  
  20  2:08  Barracks Reactor  
  19  2:12  SCV  
  20  2:27  SCV  
  21  2:30  Hellion  
  21  2:31  Starport  
  23  2:39  SCV  
  23  2:41  Supply Depot  
  24  2:45  Reaper x2  
  26  2:51  SCV  
  26  2:53  Hellion  
  29  3:04  SCV  
  30  3:08  Medivac  
  31  3:17  Reaper x2  
  31  3:19  Hellion  
  35  3:35  SCV  
  36  3:45  Command Center  
  36  3:46  Factory Tech Lab  
  36  3:47  SCV  
  37  3:59  SCV, Marine  
  39  4:06  Supply Depot  
  39  4:27  Marine  
  38  4:36  Marine  
  38  4:37  Siege Tank  
  32  4:39  Starport Tech Lab  
  32  4:41  Command Center  
  32  4:45  Marine  
  33  4:48  SCV  
  34  4:53  Marine  
  34  4:57  Raven  
  34  4:59  Bunker  
  37  5:06  Marine  
  38  5:07  Orbital Command  
  38  5:09  SCV  
  35  5:24  Marine x2  
  35  5:40  Siege Tank  
  38  5:48  Viking, Orbital Command  
  37  6:29  Orbital Command  
  37  6:34  SCV x2  
  39  6:46  SCV x2  
  41  6:47  Siege Tank  
  44  6:57  SCV  
  44  6:58  SCV x2  
  37  7:36  Viking x2  
  38  7:37  SCV x2  
  38  7:38  SCV  
  38  7:40  Refinery  
  38  7:41  Refinery  
  41  7:49  SCV  
  36  7:59  Siege Tank  
Show
View Real Time Build Order
Export as new Build Order

Warthog Terran - Winner!

Build Orders: Liberator Opening 

Get SALT Encoding   

  12  0:00  SCV  
  13  0:12  SCV  
  14  0:18  Supply Depot  
  14  0:24  SCV  
  15  0:40  SCV  
  15  0:41  Barracks  
  16  0:45  Refinery  
  16  0:52  SCV  
  16  0:54  Refinery  
  17  1:04  SCV  
  18  1:16  SCV  
  19  1:28  Orbital Command  
  19  1:29  Reaper  
  20  1:43  Factory  
  20  1:48  Supply Depot  
  20  1:57  SCV  
  21  2:01  Reaper  
  22  2:09  SCV  
  23  2:21  SCV  
  24  2:24  Command Center  
  24  2:28  Hellion  
  26  2:33  SCV  
  27  2:38  Supply Depot  
  27  2:46  SCV  
  27  2:49  Barracks Reactor  
  28  2:53  Factory Tech Lab  
  28  2:57  Starport  
  28  3:07  SCV  
  29  3:18  Cyclone  
  29  3:19  SCV  
  33  3:26  Marine  
  34  3:27  Marine  
  34  3:31  SCV  
  36  3:37  Liberator  
  36  3:39  Orbital Command  
  39  3:43  SCV  
  39  3:44  Marine x2  
  42  3:50  Cyclone  
  45  3:55  SCV  
  45  3:57  Supply Depot  
  46  4:06  SCV  
  46  4:07  SCV  
  46  4:08  Marine  
  46  4:09  Marine  
  50  4:13  Engineering Bay  
  50  4:18  SCV  
  50  4:20  SCV  
  52  4:36  SCV  
  53  4:42  SCV  
  54  4:49  Command Center  
  54  5:00  Barracks Tech Lab  
  54  5:02  SCV x2  
  56  5:10  Siege Tank  
  56  5:11  Viking  
  56  5:13  Barracks  
  62  5:14  SCV, Barracks  
  62  5:21  Supply Depot  
  62  5:23  Supply Depot  
  62  5:43  Viking, SCV  
  62  5:44  Siege Tank, Marine  
  62  5:45  Stimpack  
  62  5:47  SCV  
  62  5:48  Engineering Bay  
  70  5:50  Refinery  
  70  5:51  Supply Depot, Refinery  
  70  5:52  Supply Depot  
  70  5:55  SCV  
  71  6:01  Orbital Command  
  71  6:02  Barracks Reactor x2  
  71  6:05  SCV  
  72  6:13  SCV  
  72  6:15  Supply Depot  
  72  6:17  SCV  
  74  6:19  Siege Tank  
  74  6:24  Marine  
  74  6:25  SCV, Viking  
  81  6:32  Supply Depot  
  78  6:35  Orbital Command  
  78  6:36  Viking  
  78  6:37  SCV  
  81  6:49  Marine  
  81  6:51  Marine x4  
  86  7:07  Marine  
  87  7:08  Marine  
  87  7:09  Viking, Siege Tank  
  93  7:24  Marine  
  93  7:25  Marine  
  93  7:27  Viking  
  93  7:28  SCV  
  93  7:29  SCV x2  
  93  7:33  Marine  
  90  7:39  Viking  
  90  7:41  Refinery, Siege Tank  
  90  7:43  Marine  
  96  7:45  Refinery  
  96  7:53  Marine x2  
  96  7:57  Viking  
  100  7:59  Marine  
  100  8:01  Marine  
  100  8:02  SCV x3  
  105  8:06  Marine  
  105  8:10  Marine x2  
  105  8:12  Barracks  
  104  8:13  Barracks  
  104  8:14  SCV x2, Armory  
  104  8:15  SCV  
Tags
 
Add a new tag
Caveats
  • Supply blocks, unpowered buildings, or Contaminate may cause inaccurate times.
  • Supply counts are checked every 10 seconds.